 Dungeon Crawl Stone Soup version 0.25-a0-404-gc1b5a34292 (webtiles) character file.

Game seed: 17049601970082551967, levelgen mode: deterministic

492 DeadFury222 the Chopper (level 7, 0/61 HPs)
             Began as a Hill Orc Fighter on Jan 10, 2020.
             Was an Initiate of Beogh.
             Slain by an ogre
             ... wielding a +0 giant club
              (5 damage)
             ... on level 5 of the Dungeon.
             The game lasted 00:09:35 (4334 turns).

DeadFury222 the Chopper (Hill Orc Fighter)          Turns: 4334, Time: 00:09:36

Health: 0/61       AC: 15    Str: 21    XL:     7   Next: 14%
Magic:  7/7        EV:  4    Int:  8    God:    Beogh [......]
Gold:   213        SH:  9    Dex: 10    Spells: 6/6 levels left

rFire    . . .     SeeInvis .   a - +0 war axe
rCold    . . .     Gourm    +   c - +0 shield
rNeg     . . .     Faith    .   l - +0 plate armour
rPois    .         Spirit   .   g - +1 helmet
rElec    .         Reflect  .   (no cloak)
rCorr    .         Harm     .   y - +0 pair of gloves
MR       .....                  (no boots)
Stlth    ..........             k - amulet of the gourmand
HPRegen  0.20/turn              (no ring)
MPRegen  0.10/turn              (no ring)

@: no status effects
A: no striking features
a: Renounce Religion


You were on level 5 of the Dungeon.
You worshipped Beogh.
Beogh was noncommittal.
You were very full.

You visited 2 branches of the dungeon, and saw 6 of its levels.

You collected 213 gold pieces.

Inventory:

Hand Weapons
 a - a +0 war axe (weapon)
 z - a cursed -1 giant spiked club
Armour
 c - a +0 shield (worn)
 g - a +1 helmet (worn)
 l - a +0 plate armour (worn)
 y - a +0 pair of gloves (worn)
Jewellery
 k - an amulet of the gourmand (around neck)
 p - a +2 ring of dexterity {unknown}
 v - an uncursed ring of poison resistance {unknown}
Wands
 x - a wand of enslavement (8)
Scrolls
 b - 3 scrolls of teleportation {unknown}
 e - a scroll of immolation {unknown}
 h - 3 scrolls of identify
 i - a scroll of blinking {unknown}
 m - 2 scrolls of remove curse {unknown}
 t - 2 scrolls of fog {unknown}
 u - a scroll of magic mapping {unknown}
Potions
 d - 5 potions of might
 j - a potion of brilliance {unknown}
 n - a potion of flight {unknown}
 o - 6 potions of curing {unknown}
 q - 4 potions of berserk rage {unknown}
 r - a potion of agility {unknown}
 s - 3 potions of heal wounds {unknown}
 w - a potion of lignification {unknown}
Comestibles
 f - 6 rations


   Skills:
 + Level 5.2 Fighting
 * Level 6.5 Axes
 + Level 4.8 Armour
 + Level 4.8 Shields


You had 6 spell levels left.
You didn't know any spells.
Your spell library was empty.

Dungeon Overview and Level Annotations

Branches:
Dungeon (5/15)             Temple (1/1) D:4

Altars:
Ashenzari
Cheibriados
Elyvilon
Fedhas
Gozag
Hepliaklqana
Makhleb
Nemelex Xobeh
Okawaru
Qazlal
Ru
Sif Muna
Trog
Uskayaw
Wu Jian
Xom
Yredelemnul
Zin

Portals:
Abyss: D:5

Annotations:
D:3 3 runed translucent doors, Perturabo's ghost, amateur DsGl
D:5 2 transporters, Baz's ghost, novice BaFE


Message History

* * * LOW HITPOINT WARNING * * *
You hit the ogre.
The ogre is almost dead.
You block the ogre's attack.
You hit the ogre but do no damage.
The ogre is almost dead.
The ogre hits you but does no damage.
Your plate armour prevents you from hitting the ogre.
The ogre is almost dead.
You block the ogre's attack.
You hit the ogre but do no damage.
The ogre is almost dead.
The ogre barely misses you.
You hit the ogre but do no damage.
The ogre is almost dead.
You block the ogre's attack.
Your plate armour prevents you from hitting the ogre.
The ogre is almost dead.
The ogre hits you with a +0 giant club.
You die...

### ..# ### #.. ..#
#.# #.# ### #.# #.#
..# #.# .# #.#
#.#####.###.## #.#
#........>...# #O#
#######.###..# #@#
#......###..# #.#
#.####..##..###?##
.# #............#
.#...##...#.....#
##..(©####....###.#
#..####..##..##$#.#
#.# .. #.5#..#..#..
#.#..
#..##..##.##.#


You could see an ogre.

Vanquished Creatures
  An ogre (D:5)
  2 crimson imps (D:5)
  A hound (D:5)
  An orc wizard (D:3)
  A centaur skeleton (D:4)
  Terence (D:3)
  A worker ant (D:4)
  A worker ant zombie (D:3)
  7 adders
  5 oozes
  5 worms
  A dart slug (D:1)
  3 leopard geckos
  10 orcs
  2 ball pythons
  2 giant cockroaches
  6 goblins
  9 hobgoblins
  10 jackals
  3 quokkas
  3 bats
  6 frilled lizards
  4 kobolds
  2 rats
87 creatures vanquished.

Notes
Turn   | Place    | Note
-------+----------+-------------------------------------------
     0 | D:1      | DeadFury222 the Hill Orc Fighter began the quest for the
                  | Orb.
     0 | D:1      | Reached XP level 1. HP: 19/19 MP: 1/1
   234 | D:1      | Reached skill level 3 in Axes
   236 | D:1      | Reached XP level 2. HP: 27/27 MP: 2/2
   404 | D:1      | Reached XP level 3. HP: 22/33 MP: 3/3
  1061 | D:2      | Reached skill level 4 in Axes
  1062 | D:2      | Reached XP level 4. HP: 40/40 MP: 4/4
  1691 | D:2      | Reached XP level 5. HP: 47/47 MP: 5/5
  2200 | D:3      | Found a runed translucent gate.
  2200 | D:3      | Found a runed translucent gate.
  2200 | D:3      | Found a runed translucent gate.
  2277 | D:3      | Noticed Terence
  2289 | D:3      | Killed Terence
  2289 | D:3      | Reached skill level 5 in Axes
  2663 | D:3      | Noticed Perturabo's ghost (amateur DsGl)
  2852 | D:4      | Found a shattered altar of Ashenzari.
  2871 | D:4      | Reached XP level 6. HP: 44/53 MP: 6/6
  2907 | D:4      | Became a worshipper of Beogh the Brigand
  2909 | D:4      | Found a staircase to the Ecumenical Temple.
  3602 | Temple   | Entered the Ecumenical Temple
  3785 | D:5      | Entered Level 5 of the Dungeon
  3839 | D:5      | Reached skill level 5 in Fighting
  3895 | D:5      | Reached skill level 6 in Axes
  4185 | D:5      | Reached XP level 7. HP: 61/61 MP: 7/7
  4246 | D:5      | Found a transporter.
  4256 | D:5      | Noticed Baz's ghost (novice BaFE)
  4264 | D:5      | Found a one-way gate to the infinite horrors of the Abyss.
  4303 | D:5      | Found a transporter.
  4334 | D:5      | Slain by an ogre

Levels and vault maps discovered:
D:1:      evilmike_arrival_run_for_it, layout_rooms, minmay_misc_feat_alley
D:2:      wad_river_or_something, layout_basic
D:3:      layout_basic, gammafunk_ghost_icy, first_ration, chequers_jeans,
          uniq_terence
D:4:      layout_rooms, minmay_temple_entry_gardened_gates,
          cheibrodos_ashenzari_chains
D:5:      minmay_chambers_of_fours, layout_loops_ring,
          gammafunk_ghost_abyssal_escape, uniq_menkaure
Temple:   minmay_crystal_spiral_temple

Skill      XL: |  1  2  3  4  5  6 |
---------------+-------------------+-----
Axes           | 3 4 5 6 |  6.5
Fighting       | 4 5 |  5.2
Armour         | 4 |  4.8
Shields        | 4 |  4.8

Action                   |  1- 3 |  4- 6 |  7- 9 || total
-------------------------+-------+-------+-------++-------
Melee: War axe           |    90 |   242 |    29 ||   361
Invok: Convert to Beogh  |       |     1 |       ||     1
  Use: Scroll            |       |     3 |       ||     3
  Eat: Chunk             |       |    19 |       ||    19
Armor: Scale mail        |    28 |       |       ||    28
       Plate armour      |    26 |   154 |     9 ||   189
Dodge: Dodged            |    18 |    34 |     3 ||    55
Block: Shield            |    45 |   137 |     7 ||   189

Table legend:
 A = Non-vault XP
 B = Vault XP
 C = Vault XP percentage of total XP
 D = Non-vault monster count
 E = Vault monster count
 F = Vault count percentage of total count
                 A         B        C        D         E       F
            +---------+---------+-------+---------+---------+-------
      Total |     616 |      87 |  12.4 |      76 |      11 |  12.6
            +---------+---------+-------+---------+---------+-------
        D:1 |      36 |       6 |  14.3 |      16 |       1 |   5.9
        D:2 |     105 |      45 |  30.0 |      23 |       9 |  28.1
        D:3 |      74 |      36 |  32.7 |      11 |       1 |   8.3
        D:4 |     129 |       0 |   0.0 |      19 |       0 |   0.0
        D:5 |     272 |       0 |   0.0 |       7 |       0 |   0.0
            +---------+---------+-------+---------+---------+-------
